 Dungeon Crawl Stone Soup version 0.31-a0-854-g362426d53f (webtiles) character file.

Game seed: 2585106187954988545

1962025 Flugkiller the Conqueror (level 27, 450/450 HPs)
             Began as a White Draconian Artificer on Oct 9, 2023.
             Was the Champion of Wu Jian.
             Escaped with the Orb
             ... and 3 runes!
             The game lasted 01:49:18 (54007 turns).

Flugkiller the Conqueror (DrAr)                    Turns: 54007, Time: 01:49:19

Health: 450/450    AC: 25    Str: 34    XL:     27
Magic:  23/23      EV: 19    Int: 11    God:    Wu Jian [******]
Gold:   1201       SH:  0    Dex: 23    Spells: 26/26 levels left

rFire   . .          .
                       - Unarmed
rCold   + + .        g - melded +1 buckler {rF+}
rNeg    . . .        (body armour unavailable)
rPois   +            (helmet currently unavailable)
rElec   .            N - melded +2 cloak {rPois}
rCorr   .            e - melded +1 pair of gloves of the Loofah {Rampage Str-5 Int+6 Dex+3}
SInv    .            F - melded +2 pair of boots of the Maze {rCorr Int+3 Dex+4}
Will    ++...        x - amulet of regeneration
Stlth   ++           r - +6 ring of strength
HPRegen 1.75/turn    f - ring of protection from fire
MPRegen 0.18/turn

%: no passive effects
@: dragon-form, flying, studying 4 skills
A: dragon claw, dragon scales, flying, boosted hp, breathe frost, AC +13, giant,
unfitting armour, (cold resistance 1), (cold-blooded), (horns 1), agile 1,
deterioration 1, dopey 1, robust 1
0: Orb of Zot
}: 3/15 runes: decaying, serpentine, silver
a: Breathe Frost, Begin Untransformation, Renounce Religion, Wall Jump,
Serpent's Lash, Heavenly Storm


You escaped.
You worshipped Wu Jian.
Wu Jian was exalted by your worship.
You were a fearsome ice dragon!
You visited 9 branches of the dungeon, and saw 47 of its levels.
You visited the Abyss 2 times.
You visited 1 bazaar.
You also visited: Trove, Ossuary, Ice Cave, Volcano and Wizlab.

You collected 6310 gold pieces.
You spent 5109 gold pieces at shops.

Inventory:

Missiles
 M - 23 curare-tipped darts (quivered)
Armour
 e - the +1 pair of gloves of the Loofah (melded) {Rampage Str-5 Int+6 Dex+3}
   (You bought it in a shop on level 2 of the Orcish Mines)

   Str-5:     It affects your strength (-5).
   Int+6:     It affects your intelligence (+6).
   Dex+3:     It affects your dexterity (+3).
   Rampage:   It bestows one free step when moving towards enemies.
 g - a +1 buckler of fire resistance (melded)
   (You took it off a tengu reaver on level 5 of the Vaults)
 F - the +2 pair of boots of the Maze (melded) {rCorr Int+3 Dex+4}
   (You acquired it on level 2 of the Lair of Beasts)

   Int+3:     It affects your intelligence (+3).
   Dex+4:     It affects your dexterity (+4).
   rCorr:     It protects you from acid and corrosion.
 N - a +2 cloak of poison resistance (melded)
   (You took it off Maurice on level 8 of the Dungeon)
Jewellery
 f - a ring of protection from fire (right foreclaw)
   (You found it on level 2 of the Swamp)
 m - a ring of willpower
   (You found it on level 5 of the Dungeon)
 p - a +4 ring of protection
   (You took it off a deep elf master archer on level 3 of the Elven Halls)
 r - a +6 ring of strength (left foreclaw)
   (You took it off a deep elf master archer on level 3 of the Elven Halls)
 v - a +5 ring of evasion
   (You found it on level 2 of the Swamp)
 x - an amulet of regeneration (around neck)
   (You found it on level 6 of the Dungeon)
 H - a +6 ring of dexterity
   (You found it in an ossuary)
 I - a ring of wizardry
   (You found it on level 4 of the Realm of Zot)
 W - a +6 ring of strength
   (You found it on level 1 of the Lair of Beasts)
Talismans
 i - a talisman of death
   (You bought it in a shop on level 5 of the Vaults)
 P - a dragon-blood talisman (active)
   (You found it on level 1 of the Lair of Beasts)
Wands
 b - a wand of charming (70)
 y - a wand of acid (36)
   (You found it on level 6 of the Dungeon)
 L - a wand of mindburst (30)
   (You took it off an orc on level 7 of the Dungeon)
 O - a wand of roots (75)
   (You found it on level 9 of the Dungeon)
 U - a wand of digging (7)
   (You found it in an ice cave)
Scrolls
 j - 8 scrolls of poison
 k - 5 scrolls of vulnerability
 o - 5 scrolls of fear
 t - 20 scrolls of teleportation
 u - 2 scrolls of revelation
 z - 9 scrolls of blinking
 C - 6 scrolls of immolation
 D - 11 scrolls of fog
 Q - 5 scrolls of silence
 S - 3 scrolls of butterflies
Potions
 a - 6 potions of invisibility
 d - 8 potions of might
 h - 15 potions of haste
 l - 5 potions of magic
 n - 5 potions of resistance
 q - 12 potions of curing
 w - 11 potions of heal wounds
 A - 11 potions of ambrosia
 B - 6 potions of lignification
 E - 3 potions of attraction
 G - 9 potions of enlightenment
 K - 8 potions of mutation
 Y - 6 potions of cancellation
 Z - 4 potions of berserk rage
Miscellaneous
 c - a phantom mirror
   (You found it on level 2 of the Vaults)
 s - a tin of tremorstones (2/2)
   (You found it on level 5 of the Vaults)


   Skills:
 O Level 27 Fighting
 - Level 10.0 Short Blades
 - Level 16.2 Dodging
 - Level 9.2 Stealth
 + Level 26.6 Unarmed Combat
 - Level 10.0 Evocations
 - Level 25.0 Shapeshifting


You had 26 spell levels left.
You didn't know any spells.
Your spell library contained the following spells:

 Spells                   Type           Power      Damage    Failure   Level
 Apportation              Tloc           0%         N/A       34%         1
 Freeze                   Ice            0%         1d3       34%         1
 Kiss of Death            Conj/Necr      0%         2d5       34%         1
 Magic Dart               Conj           0%         1d3       34%         1
 Necrotise                Necr           0%         1d4       34%         1
 Sting                    Tmut/Pois      0%         1d3       34%         1
 Summon Small Mammal      Summ           0%         N/A       34%         1
 Blink                    Tloc           0%         N/A       47%         2
 Call Imp                 Summ           0%         N/A       47%         2
 Cigotuvi's Dreadful Rot  Necr/Pois/Air  0%         N/A       47%         2
 Ensorcelled Hibernation  Hex/Ice        0%         N/A       47%         2
 Jinxbite                 Hex            0%         N/A       47%         2
 Lesser Beckoning         Tloc           0%         N/A       47%         2
 Momentum Strike          Conj/Tloc      0%         3d8       47%         2
 Passwall                 Tmut/Erth      0%         N/A       47%         2
 Poisonous Vapours        Pois/Air       0%         N/A       47%         2
 Scorch                   Fire           0%         2d5       47%         2
 Searing Ray              Conj           0%         2d4       47%         2
 Static Discharge         Conj/Air       0%         2-2/arc   47%         2
 Confusing Touch          Hex            0%         N/A       71%         3
 Dazzling Flash           Conj/Hex       0%         N/A       71%         3
 Frozen Ramparts          Ice            0%         1d1       71%         3
 Gell's Gravitas          Tloc           0%         N/A       71%         3
 Hailstorm                Conj/Ice       0%         3d3       71%         3
 Ignite Poison            Fire/Tmut/Pois 0%         N/A       71%         3
 Inner Flame              Hex/Fire       0%         N/A       71%         3
 Mephitic Cloud           Conj/Pois/Air  0%         N/A       71%         3
 Ozocubu's Armour         Ice            0%         N/A       71%         3
 Swiftness                Air            0%         N/A       71%         3
 Teleport Other           Tloc           0%         N/A       71%         3
 Tukima's Dance           Hex            0%         N/A       71%         3
 Volatile Blastmotes      Fire/Tloc      0%         2d10      71%         3
 Airstrike                Air            0%         2d(0-16)  98%         4
 Animate Dead             Necr           0%         N/A       98%         4
 Brom's Barrelling Bould  Conj/Erth      0%         2d3       98%         4
 Dimensional Bullseye     Hex/Tloc       0%         N/A       98%         4
 Dispel Undead            Necr           0%         3d6       98%         4
 Flame Wave               Conj/Fire      0%         2d4       98%         4
 Fulminant Prism          Conj/Hex       0%         3d5       98%         4
 Iskenderun's Mystic Bla  Conj/Tloc      0%         2d3       98%         4
 Manifold Assault         Tloc           0%         N/A       98%         4
 Olgreb's Toxic Radiance  Pois           0%         N/A       98%         4
 Passage of Golubria      Tloc           0%         N/A       98%         4
 Petrify                  Tmut/Erth      0%         N/A       98%         4
 Sticky Flame             Conj/Fire      0%         2d3       98%         4
 Summon Ice Beast         Ice/Summ       0%         N/A       98%         4
 Summon Lightning Spire   Summ/Air       0%         N/A       98%         4
 Agony                    Necr           0%         N/A       100%        5
 Alistair's Intoxication  Tmut/Pois      0%         N/A       100%        5
 Borgnjor's Vile Clutch   Necr/Erth      0%         N/A       100%        5
 Fireball                 Conj/Fire      0%         3d3       100%        5
 Freezing Cloud           Conj/Ice/Air   0%         6-21      100%        5
 Irradiate                Conj/Tmut      0%         3d11      100%        5
 Iskenderun's Battlesphe  Conj           0%         2d6       100%        5
 Metabolic Englaciation   Hex/Ice        0%         N/A       100%        5
 Silence                  Hex/Air        0%         N/A       100%        5
 Summon Forest            Summ/Tloc      0%         N/A       100%        5
 Conjure Ball Lightning   Conj/Air       0%         3x3d6     100%        6
 Death Channel            Necr           0%         N/A       100%        6
 Dispersal                Tloc           0%         N/A       100%        6
 Eringya's Noxious Bog    Tmut/Pois      0%         4d6       100%        6
 Simulacrum               Ice/Necr       0%         N/A       100%        6
 Starburst                Conj/Fire      0%         6d3       100%        6
 Haunt                    Necr/Summ      0%         N/A       100%        7
 Monstrous Menagerie      Summ           0%         N/A       100%        7
 Orb of Destruction       Conj           0%         9d5       100%        7
 Ozocubu's Refrigeration  Ice            0%         4d7       100%        7
 Summon Hydra             Summ           0%         N/A       100%        7
 Discord                  Hex            0%         N/A       100%        8
 Disjunction              Tloc           0%         N/A       100%        8
 Ignition                 Fire           0%         3d3       100%        8
 Infestation              Necr           0%         N/A       100%        8
 Lehudib's Crystal Spear  Conj/Erth      0%         10d2      100%        8
 Maxwell's Capacitive Co  Air            0%         ∞         100%        8
 Summon Horrible Things   Summ           0%         N/A       100%        8
 Fire Storm               Conj/Fire      0%         5d1       100%        9
 Polar Vortex             Ice            0%         N/A       100%        9


Dungeon Overview and Level Annotations

Branches:
Dungeon (15/15)            Temple (0/1) D:6            Lair (5/5) D:9
  Swamp (4/4) Lair:2        Snake (4/4) Lair:3        Slime (0/5) Lair:4
    Orc (2/2) D:9             Elf (3/3) Orc:2        Vaults (5/5) D:14
  Crypt (0/3) Vaults:2     Depths (4/4) D:15            Zot (5/5) Depths:4
Ossuary (visited)           IceCv (visited)         Volcano (visited)
 WizLab (visited)

Altars:
Ashenzari
Cheibriados
Gozag
Makhleb
Nemelex Xobeh
Qazlal
Sif Muna
Vehumet
Wu Jian
The Shining One

Shops:
D:10 =   Orc:1 (   Orc:2 [***   Elf:1 =::(   Elf:3 !   Vaults:1 *   Vaults:4 [
Vaults:5 !*[?!   Depths:1 :=   Depths:2 *

Portals:
Hell: Depths:1 Depths:2 Depths:3 Depths:4
Abyss: Depths:1 Depths:2 Depths:3 Depths:4
Pandemonium: Depths:2

Annotations:
D:4 exclusion: ogre
D:8 3 runed translucent doors, AncientFaroe's ghost, amateur HOFi
D:12 3 runed translucent doors, Dicoih's ghost, journeyman DgVM; Ezid's ghost, journeyman TrBe; Ithrih's ghost, journeyman DrWr; Vedghis's ghost, journeyman TrBe
Lair:5 1 runed translucent door, Pi314's ghost, journeyman DrCj
Snake:1 2 transporters
Elf:2 4 runed translucent doors, Piceto's ghost, adept DEFE
Depths:4 exclusions: daeva and 3 more exclusions
Zot:1 exclusion: door
Abyss:1 Agnes; Asterion; Fannar; Pikel


Innate Abilities, Weirdness & Mutations

You are a fearsome ice dragon!
You have a powerful clawing attack.
Your giant scaled body is strong and resilient, but less evasive.
Your breath weapon is enhanced in this form.
You are flying.
Your maximum health is greatly increased.
Your armour is entirely melded.
You are incapable of wielding weapons or throwing items.
You can breathe waves of freezing cold which knock back foes.
Your icy white scales are hard. (AC +13)
You cannot fit into any form of body armour.
((Your flesh is cold resistant. (rC+)))
((You are cold-blooded and may be slowed by cold attacks.))
((You have a pair of small horns on your head.))
You are agile. (Dex +4, Str/Int -1)
Your body sometimes deteriorates upon taking damage.
You are dopey. (Int -2)
You are robust. (+10% HP)


Message History

The Brimstone Fiend is almost dead.
The Brimstone Fiend hits you but does no damage.
You block the Brimstone Fiend's attack. x2
You pound the Brimstone Fiend into fine dust!!!
You kill the Brimstone Fiend!
The Council accepts your kill.
No target in view!
A reaper comes into view.
It is wielding a +1 scythe of protection.
The reaper misses you. The reaper barely misses you.
You spin and attack the reaper repeatedly.
You pummel the reaper!!
The reaper decays.
You headbutt the reaper, but do no damage.
The reaper is moderately wounded.
You pummel the reaper!!
The reaper decays.
You headbutt the reaper, but do no damage.
You tail-slap the reaper, but do no damage.
The reaper is severely wounded.
You punch the reaper!
The reaper decays.
The reaper is severely wounded.
You block the reaper's attack.
You hit the reaper but do no damage. You headbutt the reaper!
You tail-slap the reaper, but do no damage.
The reaper is almost dead.
You hit the reaper.
The reaper decays.
You headbutt the reaper, but do no damage.
The reaper is almost dead.
You hit the reaper but do no damage.
You headbutt the reaper, but do no damage.
You tail-slap the reaper, but do no damage.
The reaper is almost dead.
You block the reaper's attack.
You pummel the reaper!!
You kill the reaper!
The Council accepts your kill.
You see here a +1 scythe of protection.
You are an undying horror.
You are studying Long Blades, Maces & Flails, Air Magic and Earth Magic.
Your movement speed is average.
Your attack delay is about 0.5.
Your damage rating with unarmed combat is about 62 (Base [9 + 26 (UC)] x 122% (Str) x 145% (Fight)).
Your base attributes are Str 19, Int 14, Dex 19.
Unknown command.
You open the door.
There is an open door here.
There is a stone staircase leading up here.
You climb upwards.
There is a stone staircase leading down here.
There is a stone staircase leading up here.
You climb upwards.
There is a stone staircase leading down here.
There is an open door here.
There is a stone staircase leading up here.
You climb upwards.
There is a stone staircase leading down here.
There is a staircase leading out of the dungeon here.
Unknown command.
You begin transforming.
You continue transforming. x3
You feel your undeath return to normal.
You turn into a fearsome ice dragon!
Your +2 cloak of poison resistance melds into your body.
The +1 pair of gloves of the Loofah {Rampage Str-5 Int+6 Dex+3} melds into your body.
The +2 pair of boots of the Maze {rCorr Int+3 Dex+4} melds into your body.
Your +1 buckler of fire resistance melds into your body.
You no longer feel resistant to poison.
You feel less resistant to fire.
You start resting.
An orange demon comes into view.
You lunge at the orange demon, in a flurry of attacks.
You bite the orange demon!!
You tail-slap the orange demon, but do no damage.
You bite the orange demon!
The orange demon is almost dead.
You completely miss the orange demon.
Your tail-slap misses the orange demon.
You bite the orange demon.
The orange demon is almost dead.
The orange demon misses you. The orange demon barely misses you.
You maul the orange demon!!!!
You kill the orange demon!
The Council accepts your kill.
No target in view!
No target in view!
There is a staircase leading out of the dungeon here.
You start resting.
A demonic crawler comes into view.
You maul the demonic crawler!!!!!
You kill the demonic crawler!
The Council accepts your kill.
No target in view!
No target in view!
There is a staircase leading out of the dungeon here.
You start resting.
HP restored.
You are a fearsome ice dragon!
You are flying.
You are studying Long Blades, Maces & Flails, Air Magic and Earth Magic.
Your flying speed is average.
Your attack delay is about 0.5.
Your damage rating with unarmed combat is about 136 (Base [33 + 26 (UC)] x 160% (Str) x 145% (Fight)).
Your base attributes are Str 19, Int 14, Dex 19.
Unknown command.
Enter note: gg
Enter note: 136 base damage You have escaped!

#.#
#......#.###.#...........#.
#.#
#............###.####.##>#.
..#
#........#####.#...#.....#.
###
#........#####.###.#..##.#.
.#
#####.#..##....#...#..#..#.
.# #.##.##....#.###..####.
.# #...>##....#.# #.....#.
.# ######.8...#.###.###.#.
.# #D....#.#.........
.###########
#.8...#.#..####.#.
...........#
##....#.#..##.#.##
...........#
#......#..##.#...
#..........#
#......#.........
#..........#
####...#.#######.
#########.########
#...#.....# ##
#########........#
###.#####.#
#.#.#..........#.#####.#
#.#


There were no monsters in sight!

Vanquished Creatures
  5 dread liches
  6 orbs of fire
  5 ancient liches
  Mara (Depths:1)
  The ghost of Afra the Sorcerer, a veteran FoHs of Okawaru (Depths:4)
  The ghost of Afra the Sorcerer, a veteran FoHs of Okawaru (Depths:4)
  Saint Roka (Vaults:3)
  9 Killer Klowns
  A curse toe (Zot:3)
  Norris (Elf:1)
  Jory (Vaults:5)
  A bone dragon (Depths:1)
  13 golden dragons
  Nikola (Vaults:3)
  A Brimstone Fiend (D:4)
  3 doom hounds (Depths:1)
  5 electric golems
  2 pandemonium lords
  A Tzitzimitl (Depths:1)
  The ghost of Boysiah the Eclecticist, an adept DECA of Ignis (Depths:4)
  An iron giant (Depths:4)
  3 Ice Fiends
  28 Orb Guardians
  15 tentacled monstrosities
  Jorgrun (Swamp:2)
  Mlioglotl (Swamp:1)
  Grunn (Depths:2)
  2 liches
  10 titans
  2 deep elf blademasters (Elf:3)
  8 quicksilver dragons
  2 deep elf master archers (Elf:3)
  3 tentacled starspawn
  4 sphinxes
  An Executioner (D:4)
  6 death cobs
  An eldritch tentacle (WizLab)
  Aizul (Lair:3)
  12 shadow dragons
  Kirke (Abyss:3)
  3 thorn hunters
  11 draconian monks
  Donald (Vaults:3)
  7 nagarajas
  22 storm dragons
  7 tengu reavers
  10 fire giants
  7 frost giants
  A fenstrider witch (Swamp:3)
  6 deep elf sorcerers
  2 draconian knights (Zot:4)
  11 draconian scorchers
  7 draconian shifters
  18 vault wardens
  An orc warlord (Vaults:3)
  2 iron dragons (Depths:4)
  A ghost moth (Zot:3)
  A ghoul (Swamp:4)
  Louise (Depths:2)
  7 draconian annihilators
  A cacodemon (Zot:1)
  A deep elf elementalist (Elf:3)
  11 draconian stormcallers
  6 ironbound thunderhulks
  5 reapers
  26 ironbound preservers
  16 stone giants
  11 very ugly things
  A juggernaut skeleton (Depths:2)
  2 formless jellyfish (Vaults:1)
  A vampire knight (Vaults:2)
  4 war gargoyles
  Nessos (D:15)
  18 black draconians
  2 lorocyprocas
  5 deep elf demonologists
  10 white draconians
  3 bunyips
  2 putrid mouths (Depths:1)
  15 dire elephants
  3 deep elf annihilators (Elf:3)
  9 yellow draconians
  4 eleionomae
  A minotaur (shapeshifter) (Vaults:5)
  13 purple draconians
  17 green draconians
  7 spark wasps (Depths:2)
  11 red draconians
  An ettin (shapeshifter) (Vaults:5)
  2 deep elf death magi (Elf:3)
  A blizzard demon (Abyss:3)
  15 ettins
  A crystal guardian (Vaults:4)
  Josephine (D:15)
  15 fire dragons
  15 yaktaur captains
  An entropy weaver (Vaults:2)
  2 green deaths
  4 great orbs of eyes
  24 hydras
  5 deep elf high priests
  32 vault guards
  4 shambling mangroves
  10 rakshasas
  8 spriggan air magi
  3 peacekeepers
  9 ice dragons
  2 salamander tyrants (Snake:4)
  4 ironbound frosthearts
  A caustic shrike simulacrum (Depths:3)
  Erica (Lair:1)
  8 alligators
  19 centaur warriors
  6 boulder beetles
  6 anacondas
  18 dancing weapons
  A merfolk avatar (Lair:5)
  3 ogre magi
  13 naga warriors
  A thrashing horror (Abyss:3)
  20 two-headed ogres
  8 tengu warriors
  3 demonic crawlers
  9 deep troll shamans
  5 death yaks (Lair:5)
  10 deep troll earth magi
  7 spriggan berserkers
  14 hell knights
  17 naga sharpshooters
  3 orc high priests (Orc:2)
  6 shock serpents
  Sonja (Lair:4)
  15 deep elf knights
  5 spriggan druids
  4 sixfirhies
  2 skeletal warriors (D:12)
  3 skysharks
  A wretched star (Elf:3)
  4 salamander mystics
  9 iron trolls
  6 sea snakes
  A golden dragon zombie (Depths:3)
  A spatial maelstrom (Abyss:3)
  A death drake (Depths:4)
  4 goliath frogs
  3 flayed ghosts
  A deep troll (shapeshifter) (Vaults:4)
  A shadow demon (Abyss:3)
  4 glowing orange brains
  8 naga ritualists
  23 ironbound convokers
  9 bog bodies
  An orange crystal statue (IceCv)
  10 deep elf archers
  A tengu zombie (Vaults:4)
  12 wizards
  5 swamp dragons
  79 deep trolls
  A harpy (shapeshifter) (D:15)
  4 phantasmal warriors
  4 spriggan simulacra (IceCv)
  11 necromancers
  8 orc knights
  4 obsidian statues
  11 harpies
  25 deep elf pyromancers
  A steelbarb worm (shapeshifter) (Depths:4)
  24 deep elf zephyrmancers
  17 lindwurms
  3 manticores
  12 mana vipers
  8 orc sorcerers
  44 ugly things
  A fire giant zombie (Depths:2)
  A human zombie (Vaults:2)
  4 cyclopes
  A shadow dragon skeleton (Depths:3)
  2 worldbinders (WizLab)
  8 elephants
  7 will-o-the-wisps
  An iron dragon skeleton (Depths:2)
  11 salamanders
  6 human skeletons
  33 black mambas
  Joseph (D:7)
  A torpor snail (Lair:3)
  25 moths of wrath
  2 rust devils
  2 ice statues (Snake:3)
  21 vault sentinels
  A titan simulacrum (Vaults:5)
  A gargoyle (D:14)
  14 naga magi
  Maurice (D:8)
  3 smoke demons
  7 guardian serpents
  An eye of devastation (Abyss:3)
  11 cane toads
  3 orange demons
  A hellion (D:13)
  17 yaktaurs
  A yaktaur zombie (Vaults:4)
  An efreet (D:15)
  A rime drake (Lair:4)
  A yaktaur (shapeshifter) (D:15)
  6 komodo dragons
  13 freezing wraiths
  A yaktaur skeleton (Vaults:3)
  11 tengu conjurers
  4 ancient zymes
  2 red devils
  5 ice devils
  2 hellwings
  9 trolls
  An alligator simulacrum (IceCv)
  A bloated husk (Swamp:4)
  A tengu simulacrum (Vaults:5)
  11 tyrant leeches
  17 hornets
  6 raiju
  Grinder (D:5)
  12 blink frogs
  Prince Ribbit (D:6)
  A stone giant simulacrum (Vaults:5)
  2 dream sheep (Lair:4)
  39 slime creatures
  An ettin zombie (Vaults:2)
  3 elf zombies
  A shadow (D:11)
  3 air elementals
  A centaur simulacrum (D:14)
  A deep troll skeleton (WizLab)
  15 spriggans
  4 wyverns
  An ettin skeleton (Vaults:3)
  2 elf skeletons (Vaults:4)
  7 wraiths
  48 yaks
  4 fire bats (Volcano)
  2 fire elementals
  A water elemental (Elf:3)
  4 vampires
  4 large abominations
  2 chaos spawn
  A redback (shapeshifter) (Depths:2)
  8 starcursed masses (Abyss:3)
  5 hogs (Lair:3)
  11 vampire mosquitoes
  2 neqoxecs (D:10)
  A steam dragon (Lair:3)
  A basilisk (D:12)
  2 minotaur simulacra (IceCv)
  2 redbacks (Vaults:2)
  14 swamp worms
  43 nagas
  5 wargs
  A glowing shapeshifter zombie (Vaults:5)
  10 water moccasins
  An acid dragon (D:11)
  6 spatial vortices
  Duvessa (D:7)
  2 hydra simulacra (IceCv)
  A floating eye (shapeshifter) (D:14)
  A hell hound (Volcano)
  18 orc warriors
  8 swamp drakes
  2 ice beasts (D:6)
  3 black bears
  10 ogres
  8 wolves
  5 boggarts (Vaults:4)
  7 centaurs
  3 hornet zombies (Ossuary)
  4 lemures (D:7)
  2 small abominations
  8 bullfrogs
  A gnoll sergeant (D:10)
  3 kobold brigands
  Blork the orc (D:4)
  A human simulacrum (Depths:3)
  A necrophage (Swamp:4)
  A scorpion (D:7)
  2 wyvern zombies (Ossuary)
  A deep troll simulacrum (IceCv)
  2 earth elementals (Elf:2)
  3 water moccasin zombies (Ossuary)
  14 wights
  Dowan (D:7)
  A lindwurm simulacrum (IceCv)
  17 killer bees
  A howler monkey (D:5)
  7 electric eels
  5 lava snakes (Volcano)
  2 bullfrog zombies (Ossuary)
  A quasit (Abyss:3)
  4 hounds
  13 orc priests
  Crazy Yiuf (D:2)
  2 sleepcaps (D:7)
  4 centaur zombies (Ossuary)
  2 gnoll boudas
  Jessica (D:2)
  Terence (D:2)
  An iguana (D:5)
  19 orc wizards
  5 lightning spires (Zot:4)
  8 mummies (Ossuary)
  9 gnolls
  4 adders
  3 white imps
  A dart slug (D:1)
  74 orcs
  7 ball pythons
  5 endoplasms
  5 giant cockroaches
  5 goblins
  10 hobgoblins
  6 jackals
  A quokka (D:5)
  5 bats
  2 frilled lizards
  A hobgoblin zombie (D:6)
  28 kobolds
  9 rats
2162 creatures vanquished.

Vanquished Creatures (collateral kills)
  An adder (D:2)
1 creature vanquished.

Vanquished Creatures (others)
  3 draconian shifters (Zot:4)
  A centaur warrior (D:13)
  A shock serpent (Zot:4)
  A deep elf zephyrmancer (Elf:1)
  A salamander (Snake:4)
  A bloated husk (Swamp:1)
  2 nagas (Snake:3)
  A necrophage (Swamp:4)
  5 ball lightnings (Zot:4)
  16 foxfires
  8 starspawn tentacles
40 creatures vanquished.

Grand Total: 2203 creatures vanquished

Notes
Turn   | Place    | Note
-------+----------+-------------------------------------------
     0 | D:1      | Flugkiller the Draconian Artificer began the quest for the
                  | Orb.
     0 | D:1      | Reached XP level 1. HP: 16/16 MP: 1/1
   109 | D:1      | Reached skill level 2 in Fighting
   178 | D:1      | Reached XP level 2. HP: 19/25 MP: 2/2
   447 | D:1      | Reached skill level 3 in Fighting
   775 | D:1      | Reached XP level 3. HP: 22/31 MP: 3/3
   825 | D:1      | Found a faded altar of an unknown god.
   855 | D:1      | Prayed at the altar of an unknown god.
   855 | D:1      | Became a worshipper of the Wu Jian Council
   855 | D:1      | Reached * piety under Wu Jian
   927 | D:2      | Noticed Terence
  1174 | D:2      | Killed Terence
  1175 | D:2      | Reached XP level 4. HP: 38/38 MP: 4/4
  1244 | D:2      | Noticed Jessica
  1255 | D:2      | Killed Jessica
  1256 | D:2      | Reached skill level 1 in Short Blades
  1421 | D:2      | Found a runed translucent door.
  1422 | D:2      | Noticed Crazy Yiuf
  1435 | D:2      | Killed Crazy Yiuf
  1436 | D:2      | Reached skill level 4 in Fighting
  1436 | D:2      | Reached XP level 5. HP: 46/46 MP: 5/5
  1445 | D:2      | Identified the +2 hammer "Cotouder" {antimagic, rF+ Int+4}
  1539 | D:3      | Found a broken altar of Ashenzari.
  1588 | D:3      | Reached ** piety under Wu Jian
  2155 | D:4      | Noticed Blork the orc
  2176 | D:4      | Killed Blork the orc
  2277 | D:4      | Noticed an ogre
  2407 | D:4      | Reached XP level 6. HP: 53/53 MP: 6/6
  3071 | D:5      | Entered Level 5 of the Dungeon
  3080 | D:5      | Reached skill level 5 in Fighting
  3289 | D:5      | Your scales start taking on an icy white colour.
  3289 | D:5      | Reached XP level 7. HP: 61/61 MP: 7/7
  3289 | D:5      | Gained mutation: Your flesh is cold resistant. (rC+) [White
                  | Draconian growth]
  3291 | D:5      | Reached skill level 5 in Evocations
  3308 | D:5      | Found a radiant altar of Vehumet.
  3564 | D:5      | Noticed Grinder
  3584 | D:5      | Paralysed by Grinder for 2 turns
  3595 | D:5      | Killed Grinder
  3596 | D:5      | Reached XP level 8. HP: 60/68 MP: 8/8
  3920 | D:6      | Found a sand-covered staircase.
  3958 | D:6      | Reached *** piety under Wu Jian
  4025 | Ossuary  | Entered an ossuary
  4074 | Ossuary  | Reached skill level 6 in Fighting
  4092 | Ossuary  | Reached skill level 5 in Dodging
  4245 | Ossuary  | Reached skill level 5 in Short Blades
  4255 | Ossuary  | Reached skill level 7 in Fighting
  4269 | Ossuary  | Reached XP level 9. HP: 79/79 MP: 9/9
  4461 | D:6      | Gained mutation: You have sharp toenails. [potion of
                  | mutation]
  4461 | D:6      | Gained mutation: You sometimes lose your temper in combat.
                  | [potion of mutation]
  4461 | D:6      | Gained mutation: You have hidden genetic defects. [potion
                  | of mutation]
  4461 | D:6      | Gained mutation: You are agile. (Dex +4, Str/Int -1)
                  | [potion of mutation]
  4462 | D:6      | Lost mutation: You sometimes lose your temper in combat.
                  | [potion of mutation]
  4462 | D:6      | Lost mutation: You have sharp toenails. [potion of
                  | mutation]
  4462 | D:6      | Gained mutation: You have a pair of small horns on your
                  | head. [potion of mutation]
  4501 | D:6      | Reached skill level 8 in Fighting
  4505 | D:6      | Found a staircase to the Ecumenical Temple.
  4563 | D:6      | Noticed Prince Ribbit
  4574 | D:6      | Killed Prince Ribbit
  4596 | D:6      | Gained mutation: You are dopey. (Int -2) [hidden defects]
  4918 | D:6      | Gained mutation: Your body sometimes deteriorates upon
                  | taking damage. [hidden defects]
  4918 | D:6      | Lost mutation: You have hidden genetic defects. [hidden
                  | defects expressed]
  5029 | D:6      | Reached skill level 9 in Fighting
  5149 | D:6      | Reached **** piety under Wu Jian
  5487 | D:7      | Reached XP level 10. HP: 83/91 MP: 10/10
  5721 | D:7      | Noticed Joseph
  5761 | D:7      | Killed Joseph
  5845 | D:7      | Noticed Dowan
  5847 | D:7      | Noticed Duvessa
  5855 | D:7      | Killed Duvessa
  5859 | D:7      | Noticed Pikel
  5862 | D:7      | Killed Dowan
  5868 | D:7      | Banished Pikel
  5869 | D:7      | Reached skill level 10 in Fighting
  5980 | D:7      | Found a shimmering blue altar of Sif Muna.
  6323 | D:8      | Noticed a two-headed ogre
  6336 | D:8      | Killed a two-headed ogre
  6435 | D:8      | Found a snail-covered altar of Cheibriados.
  6473 | D:8      | Found a runed translucent gate.
  6473 | D:8      | Found a runed translucent gate.
  6473 | D:8      | Found a runed translucent gate.
  6475 | D:8      | Noticed AncientFaroe's ghost (amateur HOFi)
  6699 | D:8      | Noticed Maurice
  6703 | D:8      | Killed Maurice
  6733 | D:8      | Found a burning altar of Makhleb.
  7045 | D:9      | Noticed a two-headed ogre
  7049 | D:9      | Reached skill level 10 in Dodging
  7078 | D:9      | Killed a two-headed ogre
  7079 | D:9      | Reached XP level 11. HP: 99/99 MP: 11/11
  7113 | D:9      | Found a staircase to the Lair.
  7113 | D:9      | Noticed a two-headed ogre
  7117 | D:9      | Banished a two-headed ogre
  7119 | D:9      | Found a staircase to the Orcish Mines.
  7307 | D:9      | Noticed an obsidian statue
  7318 | D:9      | Killed an obsidian statue
  7366 | D:9      | Noticed a two-headed ogre
  7375 | D:9      | Killed a two-headed ogre
  7476 | D:10     | Entered Level 10 of the Dungeon
  7593 | D:10     | Reached ***** piety under Wu Jian
  7671 | D:10     | Noticed a deep elf pyromancer
  7678 | D:10     | Killed a deep elf pyromancer
  7678 | D:10     | Reached skill level 10 in Short Blades
  7724 | D:10     | Noticed a two-headed ogre
  7742 | D:10     | Killed a two-headed ogre
  7875 | D:10     | Gained mutation: You are robust. (+10% HP) [a neqoxec]
  8155 | D:10     | Found Rouri's Jewellery Shoppe.
  8412 | D:11     | Reached XP level 12. HP: 116/116 MP: 12/12
  9080 | Lair:1   | Entered Level 1 of the Lair of Beasts
  9096 | Lair:1   | Identified the staff "Keroruy" {rF+ Conj}
  9314 | Lair:1   | Noticed Erica
  9326 | Lair:1   | Killed Erica
  9889 | Lair:2   | Found a staircase to the Swamp.
  9933 | Lair:2   | Noticed a catoblepas
  9948 | Lair:2   | Banished a catoblepas
  9949 | Lair:2   | Reached skill level 11 in Fighting
 10016 | Lair:2   | Noticed Fannar
 10019 | Lair:2   | Banished Fannar
 10103 | Lair:2   | Reached skill level 12 in Fighting
 10387 | Lair:2   | Reached skill level 13 in Fighting
 10410 | Lair:2   | Reached XP level 13. HP: 103/134 MP: 13/13
 10517 | Lair:2   | Identified a scroll of acquirement
 10518 | Lair:2   | Acquired the +2 pair of boots of the Maze {rCorr Int+3
                  | Dex+4}
 10659 | Lair:3   | Noticed Kirke
 10678 | Lair:3   | Noticed a sphinx
 10813 | Lair:3   | Banished Kirke
 10814 | Lair:3   | Reached skill level 14 in Fighting
 10974 | Lair:3   | Found a staircase to the Snake Pit.
 11817 | Lair:4   | Noticed Sonja
 11833 | Lair:4   | Killed Sonja
 11878 | Lair:4   | Found a staircase to the Slime Pits.
 11932 | Lair:4   | Reached skill level 10 in Evocations
 12227 | Lair:4   | Reached skill level 1 in Stealth
 12294 | Lair:4   | Identified the +2 shortbow "Cutham" {elec, rC+ Int+3}
 12384 | Lair:5   | Entered Level 5 of the Lair of Beasts
 12517 | Lair:5   | Found a dark tunnel.
 12524 | Volcano  | Entered a volcano
 12598 | Volcano  | Reached XP level 14. HP: 145/145 MP: 14/14
 12796 | Volcano  | Found a burning altar of Makhleb.
 12819 | Volcano  | Found a burning altar of Makhleb.
 12879 | Lair:5   | Identified the +11 quarterstaff of Hurting Bloody Death
                  | {freeze, rN+++ Str-2 Dex+4}
 12982 | Lair:5   | Reached skill level 5 in Stealth
 13063 | Lair:5   | Found a runed translucent door.
 13064 | Lair:5   | Noticed Pi314's ghost (journeyman DrCj)
 13155 | Lair:5   | Reached skill level 15 in Dodging
 13305 | Lair:5   | Identified the ring of Hiovoox {MP+9 Str+2}
 13364 | Lair:5   | Identified the +7 trident of Exchange {drain, rN+ Will++}
 13878 | D:12     | Found a runed translucent gate.
 13879 | D:12     | Found a runed translucent gate.
 13880 | D:12     | Found a runed translucent gate.
 13881 | D:12     | Noticed Ezid's ghost (journeyman TrBe)
 14304 | D:12     | Noticed Ithrih's ghost (journeyman DrWr)
 14304 | D:12     | Noticed Vedghis's ghost (journeyman TrBe)
 14304 | D:12     | Noticed Dicoih's ghost (journeyman DgVM)
 15272 | D:14     | Reached XP level 15. HP: 151/151 MP: 15/15
 15324 | D:14     | Found a gate to the Vaults.
 15326 | D:14     | Reached skill level 1 in Unarmed Combat
 15326 | D:14     | Reached skill level 1 in Shapeshifting
 16042 | D:14     | Identified the +1 ring mail of Leapfrog {Rampage rC- rCorr
                  | Str+4}
 16059 | D:15     | Entered Level 15 of the Dungeon
 16138 | D:15     | Noticed Josephine
 16156 | D:15     | Killed Josephine
 16162 | D:15     | Reached skill level 5 in Unarmed Combat
 16168 | D:15     | Reached ****** piety under Wu Jian
 16207 | D:15     | Found a staircase to the Depths.
 16208 | D:15     | Noticed a fire giant
 16217 | D:15     | Banished a fire giant
 16294 | D:15     | Reached skill level 5 in Shapeshifting
 16381 | D:15     | Noticed Agnes
 16533 | D:15     | Noticed Nessos
 16543 | D:15     | Killed Nessos
 16575 | D:15     | Identified the +10 dire flail "Ubbuoxt" {freeze, Fly Int+3
                  | Stlth+}
 16765 | D:15     | Found a glowing golden altar of the Shining One.
 16891 | D:15     | Banished Agnes
 17199 | Orc:1    | Entered Level 1 of the Orcish Mines
 17199 | Orc:1    | Found Surr's Antique Weapon Shoppe.
 17498 | Orc:2    | Entered Level 2 of the Orcish Mines
 17612 | Orc:2    | Found a staircase to the Elven Halls.
 17700 | Orc:2    | Found Waluu's Antique Armour Boutique.
 17700 | Orc:2    | Found Laraul's General Store.
 17702 | Orc:2    | Found Egihim's General Store.
 17702 | Orc:2    | Found Jivafe's Assorted Antiques.
 17710 | Orc:2    | Bought a potion of mutation for 120 gold pieces
 17711 | Orc:2    | Bought a potion of heal wounds for 155 gold pieces
 17711 | Orc:2    | Bought a scroll labelled ULO OROMNOKUN for 31 gold pieces
 17714 | Orc:2    | Bought 2 potions of heal wounds for 160 gold pieces
 17985 | Orc:2    | Acquired the +0 pair of boots of Vios {Regen+ Int+4}
 18058 | Orc:2    | Bought a scroll of enchant armour for 232 gold pieces
 18073 | Orc:2    | Bought a pair of brightly glowing gloves for 209 gold
                  | pieces
 18073 | Orc:2    | Identified the +1 pair of gloves of the Loofah {Rampage
                  | Str-5 Int+6 Dex+3} (You bought it in a shop on level 2 of
                  | the Orcish Mines)
 18213 | Snake:1  | Entered Level 1 of the Snake Pit
 18214 | Snake:1  | Noticed Aizul
 18460 | Lair:3   | Reached XP level 16. HP: 155/160 MP: 16/16
 18622 | Lair:3   | Found a staircase to the Snake Pit.
 19259 | Lair:3   | Found a staircase to the Snake Pit.
 19664 | Lair:3   | Killed Aizul
 19716 | Snake:1  | Found a snail-covered altar of Cheibriados.
 19778 | Snake:1  | Noticed Asterion
 19788 | Snake:1  | Banished Asterion
 20237 | Snake:1  | Found a transporter.
 20237 | Snake:1  | Found a transporter.
 20951 | Snake:2  | Reached skill level 10 in Unarmed Combat
 21944 | Snake:3  | Reached skill level 10 in Shapeshifting
 22260 | Snake:3  | Found a frozen archway.
 22276 | IceCv    | Entered an ice cave
 22668 | IceCv    | Noticed an Ice Fiend
 22668 | IceCv    | Noticed an Ice Fiend
 22991 | IceCv    | Killed an Ice Fiend
 23117 | IceCv    | Killed an Ice Fiend
 23253 | Snake:3  | Reached XP level 17. HP: 145/167 MP: 17/17
 24526 | Snake:4  | Entered Level 4 of the Snake Pit
 25277 | Snake:4  | Found a shimmering blue altar of Sif Muna.
 25960 | Snake:4  | Got a serpentine rune of Zot
 26559 | Snake:4  | Reached XP level 18. HP: 135/176 MP: 18/18
 27175 | Swamp:1  | Entered Level 1 of the Swamp
 27224 | Swamp:1  | Noticed Mlioglotl
 27254 | Swamp:1  | Acquired a manual of Long Blades
 27379 | Swamp:1  | Reached skill level 15 in Unarmed Combat
 27474 | Swamp:1  | Killed Mlioglotl
 27928 | Swamp:2  | Noticed Jorgrun
 27934 | Swamp:2  | Killed Jorgrun
 27949 | Swamp:2  | Found the +3 robe of Clouds {*Thunder rCloud rElec}
 28353 | Swamp:3  | Reached skill level 15 in Shapeshifting
 28430 | Swamp:3  | Noticed a tentacled monstrosity
 28443 | Swamp:3  | Killed a tentacled monstrosity
 29165 | Swamp:4  | Entered Level 4 of the Swamp
 29919 | Swamp:4  | Reached XP level 19. HP: 184/184 MP: 19/19
 29927 | Swamp:4  | Got a decaying rune of Zot
 30225 | Elf:1    | Entered Level 1 of the Elven Halls
 30227 | Elf:1    | Noticed Norris
 30236 | Elf:1    | Killed Norris
 30429 | Elf:1    | Reached skill level 15 in Fighting
 30741 | Elf:1    | Found Vuudd's Book Boutique.
 30742 | Elf:1    | Found Zuseamp's Jewellery Emporium.
 30743 | Elf:1    | Found Vibaes's Book Boutique.
 31006 | Elf:1    | Found Nusogoibb's Antique Weapon Shoppe.
 31269 | Elf:2    | Found a shimmering blue altar of Sif Muna.
 31422 | Elf:2    | Found a portal to a secret trove of treasure.
 31494 | Elf:2    | Found a flickering gateway to a bazaar.
 31546 | Bazaar   | Entered a bazaar
 31548 | Bazaar   | Found Refowuo's Magic Scroll Boutique.
 31552 | Bazaar   | Bought a scroll of blinking for 90 gold pieces
 31552 | Bazaar   | Bought a scroll of fog for 48 gold pieces
 31552 | Bazaar   | Found Ebit's Book Boutique.
 31552 | Bazaar   | Found Ovviux's Antique Armour Boutique.
 31553 | Bazaar   | Found Ewacw's Armour Boutique.
 31642 | Elf:2    | You paid a toll of 6 scrolls of fear to enter a treasure
                  | trove
 31643 | Trove    | Identified Sif Muna's Elucidation of the Violent Voyage
                  | (Sif Muna gifted it to you in a treasure trove)
 31643 | Trove    | Identified Qofizakla's Reference Book on Shapes and
                  | Wildfire (Sif Muna gifted it to you in a treasure trove)
 31643 | Trove    | Entered a treasure trove
 31809 | Elf:2    | Found a runed translucent door.
 31810 | Elf:2    | Noticed Piceto's ghost (adept DEFE)
 31887 | Elf:2    | Found a runed translucent gate.
 31887 | Elf:2    | Found a runed translucent gate.
 31888 | Elf:2    | Found a runed translucent gate.
 32245 | Elf:3    | Entered Level 3 of the Elven Halls
 32540 | Elf:3    | Found Awis's Distillery.
 32548 | Elf:3    | Bought a potion of heal wounds for 90 gold pieces
 32548 | Elf:3    | Bought a potion of resistance for 180 gold pieces
 32548 | Elf:3    | Bought a potion of haste for 180 gold pieces
 32922 | Elf:3    | Reached skill level 16 in Fighting
 32938 | Abyss:3  | Cast into level 3 of the Abyss (a deep elf sorcerer)
 33063 | Abyss:3  | Killed Kirke
 33074 | Elf:3    | Escaped the Abyss
 33082 | Elf:3    | Reached XP level 20. HP: 185/200 MP: 20/20
 33217 | Elf:3    | Identified the amulet "Ewulenoph" {Spirit rC+}
 33225 | Abyss:3  | Cast into level 3 of the Abyss (a deep elf sorcerer)
 33325 | Abyss:3  | Found a corrupted altar of Lugonu.
 33346 | Abyss:3  | Paralysed by accursed screaming for 1 turns
 33349 | Abyss:3  | Paralysed by accursed screaming for 1 turns
 33368 | Abyss:3  | Found a corrupted altar of Lugonu.
 33446 | Elf:3    | Escaped the Abyss
 33644 | Elf:3    | Identified the +9 battleaxe of Destiny {vamp, Stlth+}
 33748 | Elf:3    | Identified the +1 plate armour of the King of the Hill
                  | {Harm rPois Str-3 Dex+5}
 33766 | Elf:3    | Got a decrepit book
 34084 | Vaults:1 | Entered Level 1 of the Vaults
 34167 | Vaults:1 | Found Sauhem's General Store.
 34185 | Vaults:1 | Reached skill level 17 in Fighting
 34336 | Vaults:1 | Bought a scroll of fog for 64 gold pieces
 34336 | Vaults:1 | Bought a potion of haste for 160 gold pieces
 35404 | Vaults:2 | Found a magical portal.
 35420 | WizLab   | Entered The Roulette of Golubria
 35420 | WizLab   | Found a transporter.
 35423 | WizLab   | Found a corrupted altar of Lugonu.
 35452 | WizLab   | Found a transporter.
 35475 | WizLab   | Found a transporter.
 35479 | WizLab   | Found a transporter.
 35491 | WizLab   | Found a corrupted altar of Lugonu.
 35491 | WizLab   | Found a transporter.
 35570 | WizLab   | Found a transporter.
 35587 | WizLab   | Found a transporter.
 35611 | WizLab   | Found a transporter.
 35649 | WizLab   | Found a transporter.
 35734 | WizLab   | Found a transporter.
 35776 | WizLab   | Found a transporter.
 35832 | WizLab   | Found a transporter.
 35834 | WizLab   | Found a corrupted altar of Lugonu.
 35845 | WizLab   | Found a transporter.
 35897 | WizLab   | Found a transporter.
 35963 | WizLab   | Found a transporter.
 35983 | WizLab   | Found a transporter.
 35983 | WizLab   | Found a transporter.
 36084 | WizLab   | Found a transporter.
 36084 | WizLab   | Identified the +1 cloak "Finoroy" {Stlth+}
 36093 | WizLab   | Identified the +5 cloak of Impressiveness {Dex+3}
 36103 | WizLab   | Identified the +0 cloak "Goresmio" {rC- Str+4}
 36229 | Vaults:2 | Reached skill level 18 in Fighting
 36461 | Vaults:2 | Reached XP level 21. HP: 213/213 MP: 21/21
 37498 | Vaults:2 | Found a staircase to the Crypt.
 37629 | Vaults:3 | Noticed Donald
 37636 | Vaults:3 | Killed Donald
 37920 | Vaults:3 | Noticed Saint Roka
 37948 | Vaults:3 | Reached skill level 19 in Fighting
 37967 | Vaults:3 | Killed Saint Roka
 38063 | Vaults:3 | Noticed Nikola
 38067 | Vaults:3 | Killed Nikola
 39214 | Vaults:4 | Reached XP level 22. HP: 227/227 MP: 22/22
 39618 | Vaults:4 | Found Teakkamu's Antique Armour Emporium.
 39688 | Vaults:4 | Reached skill level 20 in Fighting
 40360 | Depths:1 | Entered Level 1 of the Depths
 40417 | Depths:1 | Found Yfae's Jewellery Boutique.
 40459 | Depths:1 | Noticed a golden dragon
 40561 | Depths:1 | Killed a golden dragon
 40605 | Depths:1 | Identified the staff "Maobiapt" {Contam rF+ rC+ Stlth+
                  | Fire}
 40656 | Depths:1 | Found a one-way gate to the infinite horrors of the Abyss.
 40704 | Depths:1 | Noticed Mara
 40724 | Depths:1 | Noticed Flugkiller's illusion
 40732 | Depths:1 | Killed Mara
 40853 | Depths:1 | Identified the +5 halberd of Ygag {holy, *Rage rElec rPois
                  | rN++}
 40857 | Depths:1 | Identified the +3 ring mail "Idefev" {rCorr Str+2}
 40879 | Depths:1 | Found a gateway to Hell.
 41077 | Depths:1 | Found a stormy altar of Qazlal.
 41330 | Depths:1 | Found Poicixku's Book Shoppe.
 41572 | Depths:2 | Found an opulent altar of Gozag.
 41582 | Depths:2 | Noticed Grunn
 41590 | Depths:2 | Noticed Louise
 41601 | Depths:1 | Reached skill level 21 in Fighting
 41850 | Depths:2 | Killed Grunn
 42021 | Depths:2 | Found a one-way gate leading to the halls of Pandemonium.
 42028 | Depths:2 | Killed Louise
 42029 | Depths:2 | Reached XP level 23. HP: 241/241 MP: 23/23
 42030 | Depths:2 | Identified the ring "Gavusuwk" {rPois rCorr SInv}
 42493 | Depths:2 | Found Cefefa Gyas's General Store.
 42497 | Depths:2 | Bought a scroll of fear for 68 gold pieces
 43282 | Depths:3 | Reached XP level 24. HP: 228/254 MP: 23/23
 43806 | Depths:4 | Entered Level 4 of the Depths
 43847 | Depths:4 | Reached skill level 22 in Fighting
 43919 | Depths:4 | Identified the +0 scale mail "Vapu" {Str+2}
 44679 | Depths:4 | Reached XP level 25. HP: 264/264 MP: 23/23
 44679 | Depths:4 | Found a gate to the Realm of Zot.
 44724 | Depths:4 | Got a weird book
 44725 | Depths:4 | Identified the staff of the Hidden Vale {Drain +Blink Fly
                  | rF+ Fire}
 45078 | Depths:4 | Found a sparkling altar of Nemelex Xobeh.
 45272 | Depths:4 | Found a runed translucent door.
 45309 | Depths:4 | Noticed Afra's ghost (veteran FoHs)
 45470 | Depths:4 | Reached skill level 23 in Fighting
 45479 | Depths:4 | Killed Afra's ghost
 45484 | Depths:4 | Found a runed translucent door.
 45488 | Depths:4 | Noticed Afra's ghost (veteran FoHs)
 45506 | Depths:4 | Killed Afra's ghost
 45521 | Depths:4 | Found a runed translucent door.
 45521 | Depths:4 | Noticed Boysiah's ghost (adept DECA)
 45532 | Depths:4 | Killed Boysiah's ghost
 45924 | Vaults:5 | Entered Level 5 of the Vaults
 45944 | Vaults:5 | Found Xucvot's Distillery.
 45957 | Vaults:5 | Noticed a dread lich
 45963 | Vaults:5 | Killed a dread lich
 46094 | Vaults:5 | Noticed Jory
 46097 | Vaults:5 | Killed Jory
 46123 | Vaults:5 | Found Omeonwoh's Distillery.
 46128 | Vaults:5 | Reached skill level 24 in Fighting
 46193 | Vaults:5 | Noticed an ancient lich
 46193 | Vaults:5 | Paralysed by a sphinx for 2 turns
 46194 | Vaults:5 | Reached XP level 26. HP: 279/279 MP: 23/23
 46196 | Vaults:5 | Killed an ancient lich
 46293 | Vaults:5 | Noticed an ancient lich
 46298 | Vaults:5 | Killed an ancient lich
 46461 | Vaults:5 | Bought a potion of haste for 150 gold pieces
 46461 | Vaults:5 | Bought a potion of haste for 150 gold pieces
 46461 | Vaults:5 | Bought a potion of might for 60 gold pieces
 46461 | Vaults:5 | Bought 2 potions of ambrosia for 240 gold pieces
 46461 | Vaults:5 | Bought a potion of cancellation for 120 gold pieces
 46461 | Vaults:5 | Bought a potion of cancellation for 120 gold pieces
 46707 | Vaults:5 | Bought a potion of heal wounds for 105 gold pieces
 46707 | Vaults:5 | Bought a potion of heal wounds for 105 gold pieces
 46709 | Vaults:5 | Found Lissihov's General Store.
 47072 | Vaults:5 | Found Asapa's Antique Armour Boutique.
 47080 | Vaults:5 | Got a silver rune of Zot
 47088 | Vaults:5 | Found Lamoacw's Magic Scroll Shoppe.
 47125 | Vaults:5 | Bought a talisman of death for 2160 gold pieces
 47843 | Zot:1    | Entered Level 1 of the Realm of Zot
 48158 | Orc:2    | Bought a scroll of revelation for 112 gold pieces
 49432 | Zot:2    | Identified the +5 flail of Dismay {vamp, rElec rC- Int+6}
 49557 | Zot:2    | Noticed an orb of fire
 49577 | Zot:2    | Killed an orb of fire
 49846 | Zot:2    | Reached skill level 25 in Fighting
 49993 | Zot:2    | You fall into a shaft and drop 2 floors!
 51478 | Zot:3    | Reached XP level 27. HP: 277/294 MP: 23/23
 52276 | Zot:5    | Entered Level 5 of the Realm of Zot
 52461 | Zot:5    | Reached skill level 26 in Fighting
 52809 | Zot:5    | Noticed a dread lich
 52813 | Zot:5    | Killed a dread lich
 52819 | Zot:5    | Noticed an ancient lich
 52820 | Zot:5    | Noticed a dread lich
 52821 | Zot:5    | Noticed an orb of fire
 52822 | Zot:5    | Noticed a dread lich
 52822 | Zot:5    | Killed an ancient lich
 52824 | Zot:5    | Killed a dread lich
 52834 | Zot:5    | Killed an orb of fire
 52835 | Zot:5    | Killed a dread lich
 52849 | Zot:5    | Noticed an orb of fire
 52849 | Zot:5    | Noticed an orb of fire
 52851 | Zot:5    | Killed an orb of fire
 52855 | Zot:5    | Noticed an orb of fire
 52855 | Zot:5    | Noticed an orb of fire
 52855 | Zot:5    | Noticed an ancient lich
 52855 | Zot:5    | Killed an orb of fire
 52871 | Zot:5    | Killed an orb of fire
 52877 | Zot:5    | Killed an orb of fire
 52879 | Zot:5    | Killed an ancient lich
 52880 | Zot:5    | Noticed a dread lich
 52882 | Zot:5    | Reached skill level 27 in Fighting
 52885 | Zot:5    | Noticed an ancient lich
 52887 | Zot:5    | Killed a dread lich
 52889 | Zot:5    | Killed an ancient lich
 53264 | Zot:5    | Got the Orb of Zot
 53622 | D:13     | Noticed Vuucuk the pandemonium lord
 53625 | D:13     | Killed Vuucuk the pandemonium lord
 53697 | D:12     | Noticed Yrypuli the pandemonium lord
 53708 | D:12     | Killed Yrypuli the pandemonium lord
 54006 | D:1      | gg
 54006 | D:1      | 136 base damage
 54007 | D:$      | Escaped with the Orb!

Illustrated notes

#.#
#......#.###.#...........#.
#.#
#............###.####.##>#.
..#
#........#####.#...#.....#.
###
#........#####.###.#..##.#.
.#
#####.#..##....#...#..#..#.
.# #.##.##....#.###..####.
.# #...>##....#.# #.....#.
.# ######.8...#.###.###.#.
.# #D....#.#.........
.###########
#.8...#.#..####.#.
...........#
##....#.#..##.#.##
...........#
#......#..##.#...
#..........#
#......#.........
#..........#
####...#.#######.
#########.########
#...#.....# ##
#########........#
###.#####.#
#.#.#..........#.#####.#
#.#


Turn 54006 on D:1: gg

Levels and vault maps discovered:
D:1:      mrwooster_arrival_statue, layout_basic, basic_ecumenical_altar,
          nicolae_twisty_statue_hallways
D:2:      layout_basic, minmay_misc_feat_rows, uniq_crazy_yiuf_cottage,
          uniq_jessica, uniq_terence
D:3:      layout_loops_cross, nicolae_overflow_crystal_walls
D:4:      layout_basic, due_unseen_surprise, uniq_blork_the_orc
D:5:      layout_rooms, nicolae_vehumet_radiance, uniq_grinder
D:6:      layout_basic, temple_doors_cd, enter_ossuary_3, reono_crystal_passage,
          nicolae_grassy_gnolls, uniq_prince_ribbit1
D:7:      layout_basic, old_standard_altar, uniq_pikel, uniq_duvessa,
          uniq_joseph
D:8:      layout_loops_ring, mainiacjoe_overflow_boulevard,
          mainiacjoe_overflow_alcove_4, ebering_ghost_rock_garden, uniq_maurice
D:9:      minmay_separated_statues, layout_rooms
D:10:     minmay_opposing_rooms, layout_rooms, serial_shops, shop,
          eino_tiny_chamber, nicolae_neqoxec_dot_bat
D:11:     layout_irregular_city, chequers_serial_rivers_micro_b
D:12:     layout_big_octagon, gammafunk_ghost_cemetery
D:13:     minmay_general_purpose_star, layout_basic
D:14:     layout_loops_ring, hellmonk_vaults_order_and_chaos
D:15:     grunt_enter_depths_giant_problem, layout_basic,
          amcnicky_mini_pool_small, st_stairs_12, minmay_crystal_water,
          drop_trap, nicolae_tso_swordbearing_angel, uniq_josephine,
          uniq_nessos, uniq_agnes
Lair:1:   layout_regular_city, uniq_erica
Lair:2:   layout_concentric_octagons, swamp_mist, uniq_fannar
Lair:3:   layout_cellular_growth, nicolae_snake_entry_squirm, uniq_kirke
Lair:4:   layout_cave_pods, slime_entry_1, uniq_sonja
Lair:5:   gammafunk_lair_ancient_temple, layout_small_grid,
          gammafunk_ghost_grave, nicolae_volcano_entry_hallway,
          grunt_megastairs_4
Swamp:1:  layout_basic_swamp, evilmike_swamp_ruin_wall, swamp_pool1,
          nicolae_swamp_some_circles, uniq_mlioglotl
Swamp:2:  layout_basic_swamp, nicolae_swamp_little_swirl, uniq_jorgrun
Swamp:3:  nicolae_swamp_standing_stones, layout_falls_marsh,
          nicolae_swamp_dense_foliage
Swamp:4:  swamp_basic_johnstein, layout_basic_swamp,
          nicolae_swamp_wisp_ring_woods, infiniplex_staircase_pool
Snake:1:  gammafunk_the_bubble [the_bubble_gammafunk_plus_minus],
          layout_misc_corridors, basic_altar, uniq_asterion, uniq_aizul
Snake:2:  layout_cave_shapes, nicolae_triple_integral
Snake:3:  nicolae_snake_shooting_gallery, layout_basic,
          portal_ice_cave_entry_ice_statue_two, serial_bayou_shore_a
Snake:4:  grunt_snake_rune_spirals, layout_onion_interference, basic_altar
Orc:1:    layout_caves, serial_shops, shop
Orc:2:    grunt_orc_tribal_feast, layout_diamond_mine, special_room
Elf:1:    layout_gridlike, serial_shops, shop,
          hangedman_elven_crosses_minicolossus, st_stairs_11,
          amcnicky_mini_rare_corridor_liquid, minmay_shop_grove, uniq_norris
Elf:2:    nicolae_elf_blades_splatter_lattice [infiniplex_blade_entry_pillars],
          layout_geoelf_diagonals, gammafunk_ghost_grave,
          nicolae_trove_entry_columns, serial_shops, bzr_entry_dummy,
          kb_rosetta, lemuel_elevator, lemuel_upstairs_altar
Elf:3:    elf_hall_gauntlet_wide, layout_gridlike, serial_shops, shop,
          hex_medium
Vaults:1: nicolae_vaults_little_squares_3, nicolae_vaults_big_angled_halls,
          nicolae_vaults_little_squares_3, nicolae_vaults_stepped_doors,
          v_rooms_2, grunt_vaults_hallway_long, v_misc_31,
          nicolae_vaults_closet_pinwheel_2, vaults_standard_mumra_x,
          dpeg_vaults_monster_box, nicolae_vaults_trapezoid_4,
          nicolae_vaults_asterisk, hangedman_vaults_corner_blocks,
          layout_vaults_omnibox, serial_shops, shop
Vaults:2: mu_enter_wizlab_4, v_rooms_4, minmay_crypt_entry_vampire_xt,
          nicolae_vaults_storage_room_glass, hangedman_vaults_variations,
          v_alt_pattern_2, v_pattern_4, grunt_vaults_twisty,
          vaults_mumra_minichess_inversion, layout_vaults_omnigrid
Vaults:3: v_misc_28, ontoclasm_vaults_chip, ontoclasm_vaults_hangar,
          nicolae_vaults_what_the_h, v_misc_10, nicolae_vaults_little_squares_4,
          nicolae_vaults_more_shelving_2, vaults_mumra_hex,
          nicolae_vaults_diamond_2, vaults_room_semicircle,
          layout_vaults_chaotic_city, uniq_nikola, uniq_donald, uniq_saint_roka
Vaults:4: nicolae_vaults_gold_heap, hangedman_vaults_corner,
          nicolae_vaults_big_ls, vaults_room_fancy_cross,
          nicolae_vaults_asterisk, nicolae_vaults_specimen_jars, v_misc_1,
          v_misc_32, dpeg_vaults_monster_row, nicolae_vaults_more_shelving_1,
          grunt_vaults_hallway_long, vaults_room_grid, st_more_cells,
          grunt_vaults_focal, vaults_dpeg_cross, layout_vaults_maze_bifur,
          serial_shops, shop
Vaults:5: serial_shops, uniq_jory
Depths:1: layout_gridville, abyss_entry, serial_shops,
          nicolae_book_shop_shelving, nicolae_shop_just_a_little_nook,
          nicolae_qazlal_general_emergency, hell_entry, dk_noncrumbling_2,
          statue_in_the_mist_lemuel, minmay_the_grid_2x2
          [minmay_the_grid_garden, minmay_the_grid_tree, minmay_the_grid_x,
          minmay_the_grid_prize_trominoes], uniq_mara
Depths:2: minmay_quantized_circle, layout_cave_shapes, pf_coc_iceberg,
          pan_entry, serial_shops, nicolae_shop_pleasant_corner_grove,
          nicolae_abyss_entry_one_way_or_another, nicolae_gozag_seed_capital,
          uniq_grunn
Depths:3: kennysheep_ambush_hall, layout_cave_shapes, abyss_entry,
          chequers_serial_rivers_micro_e, hell_entry, serial_bayou_shore_b
Depths:4: lemuel_castle_with_subvaults [lemuel_castle_interior_carwin_3],
          layout_cave_shapes, enter_ziggurat_d, grunt_hell_entry_dis_grunt,
          nemelex_diamond_rough_becter, muffindrake_ghost_three_little_ghosts,
          abyss_entry_small_statue_room, minmay_hedge_maze
Zot:1:    layout_basic, bh_zot_ikea_curve, hangedman_zot_decor_checkerboard,
          nrook_zot_tub
Zot:2:    lemuel_draconian_sentries, layout_misc_corridors
Zot:3:    layout_misc_corridors, grunt_ministairs_1, grunt_megastairs_5
Zot:4:    infiniplex_zot_generator, layout_cellular_growth
Zot:5:    layout_concentric_octagons

Skill      XL: |  1  2  3  4  5  6  7  8  9 10 11 12 13 14 15 16 17 18 19 20 21 22 23 24 25 26 27 |
---------------+----------------------------------------------------------------------------------+-----
Fighting       | 2 3 4 5 7 9 10 13 14 16 18 19 21 22 24 25 27 | 27.0
Evocations     | 4 6 10 | 10.0
Short Blades   | 1 2 4 5 7 8 10 | 10.0
Dodging        | 3 4 6 7 10 12 14 16 | 16.2
Stealth        | 4 9 |  9.2
Unarmed Combat | 8 11 14 15 16 18 19 20 21 22 23 24 26 | 26.6
Shapeshifting  | 7 11 13 16 17 18 19 20 21 22 23 24 25 | 25.0

Action                     |  1- 3 |  4- 6 |  7- 9 | 10-12 | 13-15 | 16-18 | 19-21 | 22-24 | 25-27 || total
---------------------------+-------+-------+-------+-------+-------+-------+-------+-------+-------++-------
  Melee: Club              |    82 |       |       |       |       |       |       |       |       ||    82
         Tailslap          |    17 |    20 |    62 |   154 |   395 |   494 |   230 |   166 |   409 ||  1947
         Punch             |     1 |     2 |       |       |       |    47 |   135 |   118 |    81 ||   384
         Whip              |    61 |       |       |       |       |       |       |       |       ||    61
         Short sword       |       |   137 |   367 |   754 |  1594 |  1641 |       |       |       ||  4493
         Headbutt          |       |       |    33 |   231 |   506 |   689 |       |       |   380 ||  1839
         Unarmed           |       |       |       |       |       |   458 |  1133 |   829 |  1660 ||  4080
         Bite              |       |       |       |       |       |    15 |   149 |   129 |    56 ||   349
 Invoke: Serpent's Lash    |       |       |     2 |    11 |    15 |    37 |    17 |    15 |    24 ||   121
         Heavenly Storm    |       |       |       |       |       |       |     1 |       |     2 ||     3
Ability: Lunge             |     5 |    20 |    34 |    85 |   120 |   182 |   136 |    85 |   137 ||   804
         Whirlwind         |       |     3 |    14 |    45 |   319 |   295 |   157 |   178 |   525 ||  1536
         Breathe Frost     |       |       |       |       |     1 |       |       |     2 |       ||     3
         Wall Jump         |       |       |       |       |       |     1 |       |       |       ||     1
  Evoke: Wand              |     9 |     9 |     3 |     4 |     7 |    25 |       |       |     9 ||    66
    Use: Potion            |       |     2 |     4 |       |       |     1 |     7 |     2 |     4 ||    20
         Scroll            |       |     3 |     5 |    12 |    14 |     7 |     6 |       |    10 ||    57
   Stab: Sleeping          |     3 |     7 |       |     1 |     9 |    18 |    45 |    19 |    10 ||   112
         Distracted        |       |       |     3 |     1 |     3 |     8 |     9 |     1 |     4 ||    29
         Confused          |       |       |       |       |       |     1 |       |       |       ||     1
 Armour: Skin              |    80 |    65 |   129 |   167 |   303 |   595 |   642 |   466 |   441 ||  2888
  Dodge: Dodged            |    98 |    66 |   160 |   404 |   879 |  1598 |   640 |   392 |   868 ||  5105
  Block: Buckler           |       |       |       |       |       |       |       |       |   179 ||   179
   Form: Dragon            |       |       |       |       |       |     2 |       |       |     2 ||     4
         Blade             |       |       |       |       |       |     2 |       |       |       ||     2
         Death             |       |       |       |       |       |       |       |       |     4 ||     4
                           |       |       |       |       |       |       |       |       |     2 ||     2

Table legend: (Time is in decaauts)
 A = Elapsed time spent in this place.
 B = Non-inter-level travel time spent in this place.
 C = Inter-level travel time spent in this place.
 D = Time resting spent in this place.
 E = Time spent auto-exploring this place.
 F = Levels seen in this place.
 G = Mean time per level.
                   A        B        C        D        E       F      G
               +--------+--------+--------+--------+--------+-----+--------+
         Total |  52576 |  47257 |   5319 |   6903 |  27050 |  55 |  955.9 |
       Dungeon |  13177 |  11239 |   1938 |   1089 |   7423 |  15 |  878.5 |
          Lair |   6126 |   5610 |    516 |    602 |   3812 |   5 | 1225.2 |
         Swamp |   3094 |   2909 |    185 |    509 |   1515 |   4 |  773.5 |
     Snake Pit |   5694 |   5213 |    481 |    898 |   2601 |   4 | 1423.5 |
  Orcish Mines |   1061 |    779 |    282 |     11 |    522 |   2 |  530.5 |
   Elven Halls |   3199 |   3041 |    158 |    497 |   1645 |   3 | 1066.3 |
        Vaults |   7043 |   6144 |    899 |    791 |   3774 |   5 | 1408.6 |
        Depths |   5610 |   5064 |    546 |   1268 |   2534 |   4 | 1402.5 |
           Zot |   4827 |   4517 |    310 |    516 |   2557 |   5 |  965.4 |
         Abyss |    339 |    339 |      0 |    111 |      0 |   2 |  169.5 |
        Bazaar |     32 |     32 |      0 |      0 |     27 |   1 |   32.0 |
         Trove |     73 |     73 |      0 |      0 |     27 |   1 |   73.0 |
       Ossuary |    422 |    422 |      0 |     81 |    112 |   1 |  422.0 |
      Ice Cave |    882 |    882 |      0 |    378 |     54 |   1 |  882.0 |
       Volcano |    293 |    293 |      0 |     63 |     83 |   1 |  293.0 |
        Wizlab |    697 |    697 |      0 |     87 |    362 |   1 |  697.0 |
               +--------+--------+--------+--------+--------+-----+--------+

Top non-repeatable levels by time:
  Lair:3: 2617 daAuts
 Snake:4: 2141 daAuts
Depths:4: 2024 daAuts
Depths:1: 1645 daAuts
Vaults:3: 1629 daAuts
   Zot:4: 1502 daAuts
Vaults:2: 1488 daAuts
 Snake:3: 1465 daAuts
Vaults:1: 1326 daAuts
Vaults:4: 1321 daAuts
   Elf:3: 1292 daAuts
 Snake:2: 1287 daAuts
Vaults:5: 1278 daAuts
    D:15: 1229 daAuts
     D:1: 1177 daAuts
